 Dungeon Crawl Stone Soup version 0.28-a0-653-g7e9dba17c3 (webtiles) character file.

Game seed: 15625975058991040002

71699 ytrimaz the Bludgeoner (level 14, -10/137 HPs)
             Began as a Minotaur Fighter on Oct 11, 2021.
             Was the Champion of Makhleb.
             Killed from afar by a manticore (21 damage)
             ... with a volley of spikes
             ... summoned by Kirke
             ... on level 4 of the Lair of Beasts.
             The game lasted 00:39:31 (23551 turns).

ytrimaz the Bludgeoner (Minotaur Fighter)          Turns: 23551, Time: 00:39:31

Health: -10/137    AC:  0    Str: 26    XL:     14   Next: 98%
Magic:  20/20      EV: 13    Int:  5    God:    Makhleb [******]
Gold:   1753       SH:  5    Dex: 10    Spells: 13/13 levels left

rFire   . . .      SeeInvis .   (weapon currently unavailable)
rCold   . . .      Faith    .   (shield currently unavailable)
rNeg    . . .      Spirit   .   (armour currently unavailable)
rPois   .          Reflect  +   (helmet currently unavailable)
rElec   .          Harm     .   (cloak currently unavailable)
rCorr   .          Rampage  .   (gloves currently unavailable)
Will    +....                   (boots currently unavailable)
Stlth   +.........              V - amulet of reflection
HPRegen 0.32/turn               (ring currently unavailable)
MPRegen 0.17/turn               (ring currently unavailable)

@: pig-form, spiked, very quick
A: fast, no casting, small, (horns 2), (retaliatory headbutt)
a: Renounce Religion, Minor Destruction, Lesser Servant of Makhleb, Major
Destruction, Greater Servant of Makhleb


You were on level 4 of the Lair of Beasts.
You worshipped Makhleb.
Makhleb was exalted by your worship.
You were a filthy swine.
You visited 4 branches of the dungeon, and saw 23 of its levels.
You also visited: Sewer and Ice Cave.

You collected 2545 gold pieces.
You spent 792 gold pieces at shops.

Inventory:

Hand Weapons
 a - a +2 eveningstar of protection (melded)
 e - a +5 flail of draining
 s - a +3 war axe of electrocution
 w - a +5 vampiric broad axe
 A - a +3 vampiric great mace
Armour
 f - a +0 pair of gloves (melded)
 E - a +1 pair of boots of rampaging (melded)
 I - a +0 cloak of stealth (melded)
 K - a +2 buckler of cold resistance
 P - a +3 tower shield (melded)
 S - a +2 plate armour of cold resistance (melded)
Jewellery
 g - a ring of positive energy
 t - a ring of protection from cold
 C - a ring of see invisible (melded)
 L - an amulet of regeneration
 N - a ring of protection from cold
 R - a ring of poison resistance (melded)
 T - a +6 ring of intelligence
 V - an amulet of reflection (around neck)
Scrolls
 d - a scroll of enchant armour
 j - 2 scrolls of silence
 k - 4 scrolls of teleportation
 n - 5 scrolls of fog
 q - 2 scrolls of fear
 u - 8 scrolls of amnesia
 x - 4 scrolls of identify
 F - 2 scrolls of blinking
 W - 2 scrolls of enchant weapon
Potions
 b - 2 potions of heal wounds
 c - a potion of berserk rage
 h - a potion of brilliance
 p - 8 potions of flight
 r - 2 potions of lignification
 v - a potion of invisibility
 z - 3 potions of attraction
 J - 2 potions of mutation
 O - 2 potions of curing
 Q - 2 potions of might
 X - a potion of haste
 Y - 2 potions of cancellation


   Skills:
 + Level 16.1 Fighting
 - Level 10.7(15.3) Axes
 - Level 17.3(18.4) Maces & Flails
 + Level 12.4 Armour
 * Level 11.0 Shields
 * Level 9.8 Invocations


You had 13 spell levels left.
You didn't know any spells.
Your spell library contained the following spells:

 Spells                   Type           Power      Damage    Failure   Level
 Slow                     Hex            0%         N/A       63%         2
 Confusing Touch          Hex            0%         N/A       85%         3
 Stone Arrow              Conj/Erth      0%         3d7       85%         3
 Tukima's Dance           Hex            0%         N/A       85%         3
 Vampiric Draining        Necr           0%         2d6       85%         3
 Animate Armour           Summ/Erth      0%         N/A       99%         4
 Passage of Golubria      Tloc           N/A        N/A       99%         4
 Petrify                  Tmut/Erth      0%         N/A       99%         4
 Blade Hands              Tmut           0%         N/A       100%        5
 Irradiate                Conj/Tmut      0%         3d13      100%        5
 Metabolic Englaciation   Hex/Ice        0%         N/A       100%        5
 Silence                  Hex/Air        0%         N/A       100%        5
 Yara's Violent Unravell  Hex/Tmut       0%         3d3       100%        5
 Statue Form              Tmut/Erth      0%         N/A       100%        6
 Dragon Form              Tmut           0%         N/A       100%        7
 Lehudib's Crystal Spear  Conj/Erth      0%         10d2      100%        8
 Chain Lightning          Conj/Air       0%         N/A       100%        9
 Fire Storm               Conj/Fire      0%         5d1       100%        9
 Shatter                  Erth           0%         3d5*      100%        9


Dungeon Overview and Level Annotations

Branches:
Dungeon (15/15)            Temple (1/1) D:4            Lair (5/6) D:10
  Swamp (0/4) Lair:3        Snake (0/4) Lair:4          Orc (2/2) D:9
    Elf (0/3) Orc:2        Vaults (0/5) D:14         Depths (0/4) D:15
  Sewer (visited)           IceCv (visited)
  Slime: Lair:5-6

Altars:
Ashenzari
Cheibriados
Dithmenos
Elyvilon
Fedhas
Gozag
Hepliaklqana
Kikubaaqudgha
Makhleb
Nemelex Xobeh
Okawaru
Qazlal
Ru
Sif Muna
Trog
Uskayaw
Vehumet
Wu Jian
Xom
Yredelemnul
Zin
The Shining One
Beogh

Shops:
D:5 :   D:9 (   D:10 *   D:12 *   Orc:2 (=*?:

Annotations:
D:3 1 runed translucent door, OceanMan's ghost, amateur FoVM
D:6 3 runed translucent doors, Maimakterion's ghost, novice HuFi
D:8 1 runed translucent door, siradein's ghost, journeyman DsGl
Lair:4 Kirke


Innate Abilities, Weirdness & Mutations

You are a filthy swine.
You move quickly.
Your equipment is almost entirely melded.
You are incapable of wielding weapons or throwing items.
You cannot cast spells.
((You have a pair of horns on your head.))
((You reflexively headbutt those who attack you in melee.))


Message History

You bite something! You block the lindwurm's attack. The lindwurm claws you.
You block the lindwurm's attack.
Your neqoxec barely misses the hog.
You hear some strange, mumbled words.
Send 'em back where they came from!
Your neqoxec disappears in a puff of smoke!
The hog barely misses you. The lindwurm breathes flames at you.
The blast of flame hits you!! The hog closely misses you.
There is a stone staircase leading down here.
You hear some strange, mumbled words.
Something tries to affect you, but you resist.
You climb downwards.
The lindwurm disappears in a puff of smoke!
Reactivating autopickup.
The yak bellows! x3
Found a stone staircase leading up.
There is a stone staircase leading up here.
The hog closely misses you. Something hits you.
Deactivating autopickup; reactivate with Ctrl-A.
You climb upwards.
Level annotation: Kirke Reactivating autopickup.
The hog closely misses you. You block the hog's attack.
The hog barely misses you.
There is a stone staircase leading down here.
The hog bites you.
Unknown command.
There are monsters nearby!
Unknown command.
The hog bites you!
* * * LOW HITPOINT WARNING * * *
You hear some strange, mumbled words.
Something summons a manticore!
The hog bites you!
* * * LOW HITPOINT WARNING * * *
The hog closely misses you. The hog bites you.
* * * LOW HITPOINT WARNING * * *
The manticore flicks its tail.
The volley of spikes hits you!!
The barbed spikes become lodged in your body.
You die...

#### ##..# # #...####
. ###...##h########.
#...#....hl..†.†..
#.P.#..Hhh..##....
#########..P#.....###
. ##
#.#.....##.....#.## #
#.###
...............#..#
..#....
.....######...##.##
.#... ....## ##..#...
##.... ....## #..#...
.#.##.#


You could see a manticore (summoned), a komodo dragon and 3 hogs.

Vanquished Creatures
  A stone giant (D:15)
  An ice dragon (IceCv)
  Fannar (Orc:1)
  2 hydras
  The ghost of AttackTheMoon the Nimble, a journeyman DjIE of Makhleb (Lair:1)
  5 centaur warriors
  An ogre mage (D:14)
  4 boulder beetles
  6 two-headed ogres
  A death knight (D:13)
  8 death yaks
  Urug (D:11)
  6 skeletal warriors
  A bog body (Lair:3)
  4 deep elf pyromancers
  2 orc knights (Orc:2)
  A lindwurm (Lair:4)
  10 ugly things
  2 manticores
  4 cyclopes
  5 elephants (Lair:4)
  2 black mambas
  2 ice statues (IceCv)
  Joseph (D:9)
  5 cane toads
  A torpor snail (Lair:3)
  A gargoyle (D:11)
  4 unseen horrors
  An efreet (D:15)
  6 rime drakes
  2 kobold demonologists
  4 freezing wraiths
  5 komodo dragons
  3 meliai (D:13)
  3 trolls
  15 slime creatures
  18 blink frogs
  A hornet (D:11)
  A spriggan (shapeshifter) (D:14)
  2 vampires
  2 shadows
  19 yaks
  5 wraiths
  A wyvern (Lair:1)
  3 hogs (Lair:4)
  A redback simulacrum (D:12)
  2 vampire mosquitoes
  2 swamp worms (Lair:3)
  2 wargs
  Edmund (D:4)
  4 acid dragons
  9 water moccasins
  2 sky beasts
  32 orc warriors
  3 black bears
  8 ogres
  28 wolves
  16 centaurs
  3 boggarts (D:14)
  A kobold brigand (D:10)
  2 phantoms
  A gnoll sergeant (Orc:2)
  3 scorpions
  13 bullfrogs
  A water moccasin zombie (D:6)
  A wyvern skeleton (D:7)
  4 lindwurm simulacra (IceCv)
  2 electric eels (Lair:3)
  3 howler monkeys
  5 centaur zombies
  A bullfrog zombie (D:5)
  3 hounds
  5 komodo dragon simulacra (IceCv)
  8 orc priests
  A jelly (D:6)
  3 bullfrog skeletons
  6 iguanas
  18 orc wizards
  A killer bee zombie (D:6)
  A centaur simulacrum (D:9)
  7 adders
  16 gnolls
  3 acid dragon simulacra (IceCv)
  A shadow imp (D:5)
  3 ufetubi
  9 steam dragon simulacra (IceCv)
  4 worms
  4 dart slugs
  66 orcs
  8 ball pythons
  10 endoplasms
  8 giant cockroaches
  3 goblins
  7 hobgoblins
  10 quokkas
  8 bats
  3 frilled lizards
  19 kobolds
  5 rats
564 creatures vanquished.

Vanquished Creatures (collateral kills)
  The ghost of Eblaalis the Fighter, a journeyman OgWr of the Shining One (Orc:1)
  An ugly thing (D:13)
  Maurice (D:9)
  A raiju (shapeshifter) (D:9)
  2 yaks (D:8)
  A hog (Lair:4)
  3 orc warriors
  A kobold brigand (D:9)
  A howler monkey (D:8)
  An orc wizard (D:9)
  2 orcs (D:9)
15 creatures vanquished.

Vanquished Creatures (others)
  A human (D:5)
  2 orcs
  21 fungi
  29 plants
53 creatures vanquished.

Grand Total: 632 creatures vanquished

Notes
Turn   | Place    | Note
-------+----------+-------------------------------------------
     0 | D:1      | ytrimaz the Minotaur Fighter began the quest for the Orb.
     0 | D:1      | Reached XP level 1. HP: 19/19 MP: 0/0
   165 | D:1      | Reached XP level 2. HP: 26/27 MP: 1/1
   770 | D:2      | Found a faded altar of an unknown god.
   907 | D:2      | Reached XP level 3. HP: 33/33 MP: 2/2
  1016 | D:2      | Found a burning altar of Makhleb.
  1100 | D:2      | Became a worshipper of Makhleb the Destroyer
  1767 | D:3      | Reached XP level 4. HP: 39/40 MP: 3/3
  1774 | D:3      | Reached * piety under Makhleb
  1908 | D:3      | Reached skill level 5 in Axes
  1908 | D:3      | Reached XP level 5. HP: 26/47 MP: 4/4
  2103 | D:3      | Found a runed translucent door.
  2104 | D:3      | Noticed OceanMan's ghost (amateur FoVM)
  2796 | D:4      | HP: 2/47 [orc priest (4)]
  2806 | D:4      | Found a staircase to the Ecumenical Temple.
  2812 | D:4      | Reached XP level 6. HP: 7/55 MP: 5/5
  3197 | D:4      | Reached skill level 5 in Fighting
  3214 | Temple   | Entered the Ecumenical Temple
  3635 | D:4      | Noticed Edmund
  3649 | D:4      | Killed Edmund
  3650 | D:4      | Reached skill level 5 in Armour
  3967 | D:4      | Reached XP level 7. HP: 50/60 MP: 6/6
  4228 | D:4      | Reached skill level 1 in Maces & Flails
  4228 | D:4      | Reached skill level 1 in Invocations
  4718 | D:5      | Entered Level 5 of the Dungeon
  4718 | D:5      | Found Wurr's Book Shoppe.
  4786 | D:5      | Reached ** piety under Makhleb
  4803 | D:5      | Reached skill level 2 in Maces & Flails
  4869 | D:5      | Found an ancient bone altar of Kikubaaqudgha.
  4872 | D:5      | Noticed a human
  4874 | D:5      | Killed a human
  4921 | D:5      | Reached skill level 3 in Maces & Flails
  5057 | D:5      | Found a glowing drain.
  5097 | Sewer    | Entered a sewer
  5659 | D:5      | Reached skill level 4 in Maces & Flails
  5659 | D:5      | Reached XP level 8. HP: 68/70 MP: 8/8
  5749 | D:5      | Reached skill level 5 in Maces & Flails
  5864 | D:5      | Reached *** piety under Makhleb
  6009 | D:6      | Reached skill level 6 in Maces & Flails
  6578 | D:6      | Reached skill level 7 in Maces & Flails
  6702 | D:6      | Found a runed translucent gate.
  6702 | D:6      | Found a runed translucent gate.
  6703 | D:6      | Found a runed translucent gate.
  6746 | D:6      | Noticed Maimakterion's ghost (novice HuFi)
  6922 | D:6      | Reached XP level 9. HP: 78/78 MP: 10/10
  6954 | D:6      | Reached skill level 8 in Maces & Flails
  6961 | D:6      | Identified the +6 short sword "Grim" {drain, Dex+4}
  6983 | D:6      | Identified a scroll of acquirement
  6983 | D:6      | Acquired a +2 eveningstar of protection
  7257 | D:7      | Noticed a two-headed ogre
  7263 | D:7      | Killed a two-headed ogre
  7264 | D:7      | Reached skill level 9 in Maces & Flails
  7721 | D:7      | Reached skill level 10 in Maces & Flails
  8397 | D:8      | Reached XP level 10. HP: 55/88 MP: 12/12
  8401 | D:8      | Reached skill level 11 in Maces & Flails
  8605 | D:8      | Noticed a two-headed ogre
  8615 | D:8      | Killed a two-headed ogre
  8824 | D:8      | Found a runed translucent door.
  8825 | D:8      | Found a shimmering altar of Xom.
  8825 | D:8      | Noticed siradein's ghost (journeyman DsGl)
  8826 | D:8      | Noticed a +2 trident of chaos
  9337 | D:9      | Noticed Maurice
  9359 | D:9      | Killed Maurice
  9360 | D:9      | Reached skill level 12 in Maces & Flails
  9456 | D:9      | Found a staircase to the Orcish Mines.
  9469 | D:9      | Reached skill level 5 in Invocations
  9472 | D:9      | Found Riusec's Weapon Emporium.
  9496 | D:9      | Bought a +2 vampiric battleaxe for 472 gold pieces
  9842 | D:9      | Noticed Joseph
  9848 | D:9      | Killed Joseph
 10245 | D:10     | Entered Level 10 of the Dungeon
 10261 | D:10     | Reached **** piety under Makhleb
 10331 | D:10     | Reached skill level 13 in Maces & Flails
 10331 | D:10     | Reached XP level 11. HP: 74/99 MP: 14/14
 10460 | D:10     | Reached skill level 10 in Fighting
 10786 | D:10     | Found a staircase to the Lair.
 10893 | D:10     | Noticed a sixfirhy
 11065 | D:10     | Found Yshramauziz's Changing Room.
 11337 | D:11     | Noticed a two-headed ogre
 11341 | D:11     | Killed a two-headed ogre
 11482 | D:11     | Noticed an eight-headed hydra
 11487 | D:11     | Noticed a centaur warrior
 11489 | D:11     | Noticed an ice dragon
 12202 | D:11     | Noticed a satyr
 12202 | D:11     | a tyrant leech changed into a satyr
 12206 | D:11     | Noticed an entropy weaver
 12224 | D:11     | Reached skill level 14 in Maces & Flails
 12310 | D:11     | Noticed a four-headed hydra
 12317 | D:11     | Killed a four-headed hydra
 12426 | D:11     | Noticed Urug
 12439 | D:11     | Killed Urug
 12931 | D:12     | Found a frozen archway.
 12936 | IceCv    | Entered an ice cave
 13620 | IceCv    | Reached skill level 15 in Maces & Flails
 13935 | IceCv    | Noticed an ice dragon
 13952 | IceCv    | Killed an ice dragon
 13957 | IceCv    | Reached XP level 12. HP: 107/110 MP: 15/15
 14228 | D:12     | Noticed a centaur warrior
 14234 | D:12     | Killed a centaur warrior
 14265 | D:12     | Noticed a boulder beetle
 14274 | D:12     | Killed a boulder beetle
 14656 | D:12     | Found Zuischeat's General Store.
 14662 | D:12     | Reached skill level 16 in Maces & Flails
 14676 | D:12     | Reached ***** piety under Makhleb
 14945 | D:13     | Noticed a boulder beetle
 15029 | D:12     | Killed a boulder beetle
 15035 | D:13     | Noticed a death knight
 15045 | D:12     | Reached skill level 10 in Armour
 15061 | D:13     | Killed a death knight
 15143 | D:13     | Noticed a centaur warrior
 15150 | D:13     | Killed a centaur warrior
 15153 | D:13     | Noticed a two-headed ogre
 15162 | D:13     | Killed a two-headed ogre
 15285 | D:13     | Found a shimmering blue altar of Sif Muna.
 15416 | D:13     | Noticed a centaur warrior
 15424 | D:13     | Killed a centaur warrior
 15596 | D:13     | Reached XP level 13. HP: 122/122 MP: 17/17
 16097 | D:14     | Found a glowing golden altar of the Shining One.
 16378 | D:14     | Found a gate to the Vaults.
 16424 | D:14     | Reached skill level 10 in Axes
 16938 | D:15     | Entered Level 15 of the Dungeon
 16952 | D:15     | Reached skill level 17 in Maces & Flails
 17140 | D:15     | Found a staircase to the Depths.
 17140 | D:15     | Noticed a stone giant
 17321 | D:15     | Killed a stone giant
 17952 | Orc:1    | Entered Level 1 of the Orcish Mines
 17999 | Orc:1    | Noticed Fannar
 18009 | Orc:1    | Killed Fannar
 18084 | Orc:1    | Noticed Eblaalis's ghost (journeyman OgWr)
 18088 | Orc:1    | Found a runed translucent gate.
 18090 | Orc:1    | Found a runed translucent gate.
 18090 | Orc:1    | Found a runed translucent gate.
 18167 | Orc:1    | Reached skill level 15 in Fighting
 18806 | Orc:1    | Identified the +8 quick blade of Qiupataewk {spect, Will-
                  | Dex+9}
 18838 | Orc:1    | Killed Eblaalis's ghost
 18839 | Orc:1    | Reached XP level 14. HP: 71/135 MP: 19/19
 18909 | Orc:2    | Entered Level 2 of the Orcish Mines
 19027 | Orc:2    | Found Gan Luic's Antique Weapon Emporium.
 19081 | Orc:2    | Found a staircase to the Elven Halls.
 19599 | Orc:2    | Reached skill level 5 in Shields
 19629 | Orc:2    | Found Hoacur's Magic Scroll Emporium.
 19629 | Orc:2    | Found Bakhyiqo's Assorted Antiques.
 19631 | Orc:2    | Found Ymiomu's Jewellery Shop.
 19633 | Orc:2    | Found Araux's Book Shoppe.
 20184 | Orc:2    | Bought a ring of poison resistance for 320 gold pieces
 20327 | Lair:1   | Entered Level 1 of the Lair of Beasts
 20452 | Lair:1   | Found a runed translucent door.
 20490 | Lair:1   | Noticed AttackTheMoon's ghost (journeyman DjIE)
 20552 | Lair:1   | Killed AttackTheMoon's ghost
 21311 | Lair:2   | Reached ****** piety under Makhleb
 22053 | Lair:3   | Found a staircase to the Swamp.
 22098 | Lair:3   | Found a sacrificial altar of Ru.
 22342 | Lair:3   | You fall into a shaft and drop 1 floor!
 22513 | Lair:4   | Reached skill level 10 in Shields
 23165 | Lair:4   | Found a staircase to the Snake Pit.
 23529 | Lair:4   | Noticed Kirke
 23551 | Lair:4   | Killed from afar by a manticore

Illustrated notes

Levels and vault maps discovered:
D:1:      saegor_arrival_simple_e, layout_loops_ring
D:2:      layout_loops_ring, dreamdust_ecumenical_altar_statues, basic_altar
D:3:      layout_basic, ebering_ghost_reflecting_pool
D:4:      layout_loops_cross, minmay_temple_entry_arrows, corexii_checkpoint_b,
          uniq_edmund
D:5:      layout_gridville, tgw_kikubaaqudgha, serial_shops, shop,
          gup_sewer_entry_pipe
D:6:      minmay_chambers_of_sixes, layout_basic, ebering_ghost_rock_garden,
          kennysheep_generic_room_5
D:7:      layout_basic
D:8:      layout_layer_cave, ebering_ghost_xom
D:9:      kennysheep_big_flooded_room, layout_loops_cross, orc_david_3,
          uniq_joseph, uniq_maurice
D:10:     layout_basic, grunt_lair_entry_orc_guard_hut,
          nicolae_transmutations_shop
D:11:     layout_basic, gauntlet_entry_generic,
          onia_ninara_dug_in_and_dangerous, uniq_urug
D:12:     layout_basic, portal_ice_cave_entry_pillars_2,
          kennysheep_windowed_goal
D:13:     layout_long_grid, led_sif_pool
D:14:     layout_loops_ring, david_vaults_2, tso_metal_star, drop_trap
D:15:     grunt_enter_depths_giant_problem, layout_rooms,
          hangedman_decor_peaks_small
Temple:   kilobyte_greek_temple
Lair:1:   layout_misc_corridors, hellmonk_ghost_happy_afterlife,
          grunt_megastairs_2
Lair:2:   layout_regular_city, grunt_forest_small_clearing_treed,
          infiniplex_staircase_pool
Lair:3:   layout_concentric_octagons, nicolae_swamp_entry_splash_gauntlet,
          basic_altar, nicolae_quartered_pool_little, grunt_megastairs_3
Lair:4:   layout_loops_ring, guppyfry_snake_entry_garden,
          ebering_ghost_reflecting_pool, uniq_kirke
Lair:5:   layout_hall_layers, minmay_slime_entry_jelly_boxes,
          minmay_lair_drake_nest
Orc:1:    layout_caves, basic_altar, gammafunk_ghost_split,
          nicolae_orc_lava_room, uniq_fannar
Orc:2:    st_orc_rangers, layout_diamond_mine, serial_shops, shop, basic_altar

Skill      XL: |  1  2  3  4  5  6  7  8  9 10 11 12 13 14 |
---------------+-------------------------------------------+-----
Shields        | 4 11 | 11.0
Fighting       | 4 5 6 8 9 11 13 15 16 | 16.1
Axes           | 3 4 5 6 7 8 10 | 10.7
Armour         | 4 5 6 7 8 9 10 11 12 | 12.4
Maces & Flails | 4 7 10 13 15 16 17 | 17.3
Invocations    | 2 3 4 5 6 7 8 9 |  9.8

Action                   |  1- 3 |  4- 6 |  7- 9 | 10-12 | 13-15 || total
-------------------------+-------+-------+-------+-------+-------++-------
Melee: War axe           |    79 |   120 |       |       |       ||   199
       Headbutt          |     9 |    23 |    42 |   120 |   221 ||   415
       Flail             |       |     3 |   203 |       |    49 ||   255
       Eveningstar       |       |       |    70 |   458 |   784 ||  1312
       Broad axe         |       |       |       |    36 |   121 ||   157
       Unarmed           |       |       |       |       |     1 ||     1
Invok: Lesser Servant of |       |       |     2 |     4 |     5 ||    11
       Major Destruction |       |       |       |     1 |     2 ||     3
  Use: Scroll            |       |     5 |     7 |     8 |     7 ||    27
       Potion            |       |     2 |     1 |     7 |     1 ||    11
 Stab: Distracted        |       |       |     1 |       |       ||     1
Armor: Scale mail        |    29 |    56 |   135 |   212 |   184 ||   616
       Plate armour      |       |       |       |       |   357 ||   357
Dodge: Dodged            |    45 |    24 |   154 |   270 |   313 ||   806
Block: Buckler           |    16 |    21 |    79 |   128 |    63 ||   307
       Tower shield      |       |       |       |       |   876 ||   876
       Other             |       |       |       |       |     3 ||     3

Table legend: (Time is in decaauts)
 A = Elapsed time spent in this place.
 B = Non-inter-level travel time spent in this place.
 C = Inter-level travel time spent in this place.
 D = Time resting spent in this place.
 E = Time spent auto-exploring this place.
 F = Levels seen in this place.
 G = Mean time per level.
                   A        B        C        D        E       F      G
               +--------+--------+--------+--------+--------+-----+--------+
         Total |  23584 |  22694 |    890 |   3294 |  14212 |  25 |  943.4 |
       Dungeon |  16124 |  15520 |    604 |   2054 |  10551 |  15 | 1074.9 |
        Temple |    176 |    152 |     24 |      0 |    128 |   1 |  176.0 |
          Lair |   3249 |   3114 |    135 |    140 |   1965 |   5 |  649.8 |
  Orcish Mines |   2358 |   2231 |    127 |    302 |   1178 |   2 | 1179.0 |
         Sewer |    547 |    547 |      0 |     54 |    266 |   1 |  547.0 |
      Ice Cave |   1127 |   1127 |      0 |    744 |    123 |   1 | 1127.0 |
               +--------+--------+--------+--------+--------+-----+--------+

Top non-repeatable levels by time:
     D:4: 1786 daAuts
     D:8: 1688 daAuts
    D:11: 1584 daAuts
   Orc:2: 1385 daAuts
     D:3: 1328 daAuts
     D:6: 1184 daAuts
   IceCv: 1127 daAuts
    D:10: 1105 daAuts
    D:14: 1000 daAuts
   Orc:1: 973 daAuts
    D:13: 931 daAuts
  Lair:3: 927 daAuts
    D:12: 893 daAuts
    D:15: 889 daAuts
  Lair:2: 881 daAuts
